 Dungeon Sprint DCSS version 0.22.1-1-ga44c0e56f4 (webtiles) character file.

13496 Freyura the Brawler (level 11, -13/123 HPs)
             Began as a Troll Monk on Oct 7, 2018.
             Was the Champion of Jiyva.
             Mangled by a spriggan berserker
             ... wielding a +4 antimagic hand axe
              (17 damage)
             ... in the Dungeon (Sprint V: "Ziggurat Sprint") on Oct 8, 2018.
             The game lasted 00:28:04 (539 turns).

Freyura the Brawler (Troll Monk)                     Turns: 539, Time: 00:28:04

Health: -13/123    AC: 29    Str: 24    XL:     11   Next: 76%
Magic:  2/12       EV: 12    Int:  7    God:    Jiyva [******]
Gold:   0          SH:  9    Dex: 18    Spells: 10/10 levels left

rFire    + . .     SeeInvis .     - Unarmed
rCold    + + .     Gourm    +   (no shield)
rNeg     + . .     Faith    .   x - +9 gold dragon scales
rPois    +         Spirit   .   (helmet restricted)
rElec    .         Reflect  +   A - scarf {repulsion}
rCorr    +         Harm     .   (gloves unavailable)
MR       +....     NoTele   +   (boots unavailable)
Stlth    ..........             l - +5 amulet of reflection
HPRegen  0.70/turn              y - ring of the Octopus King {AC+1 EV+1 Str+1 Int+1 Dex+1 Stlth+}
MPRegen  0.13/turn              B - ring of Hipesch {rN+ MR+}

@: repel missiles
A: large, unfitting armour, claws 3, iridescent scales 1, large bone plates 1,
agile 1, cold resistance 1, fast metabolism 3, gourmand, high mp 2, poison
resistance, regeneration 1, shaggy fur 1, strong 1, tough skin 2, acidic bite,
gelatinous body 2, pseudopods 3, tendrils, jelly absorbing missiles
a: Request Jelly, Slimify, Cure Bad Mutation, Renounce Religion


You were in the Dungeon.
You worshipped Jiyva.
Jiyva was exalted by your worship.
You were completely stuffed.

You visited 1 branch

Inventory:

Armour
 a - the +10 large shield of the Beggar {rPois}
   (You found it in the Dungeon)

   It protects you from poison.
 x - +9 gold dragon scales (worn)
 A - a scarf of repulsion (worn)
Jewellery
 l - a +5 amulet of reflection (around neck)
 y - a ring of the Octopus King (left claw) {AC+1 EV+1 Str+1 Int+1 Dex+1 Stlth+}
   (You found it in the Dungeon)

   [ring of stealth]

   It affects your AC (+1).
   It affects your evasion (+1).
   It affects your strength (+1).
   It affects your intelligence (+1).
   It affects your dexterity (+1).
   It makes you more stealthy.
 B - the ring of Hipesch (right claw) {rN+ MR+}
   (You found it in the Dungeon)

   [ring of protection from magic]

   It protects you from negative energy.
   It affects your resistance to hostile enchantments.
 C - the ring of Lucvozug {+Inv rN+ EV+5 Int+4}
   (You found it in the Dungeon)

   [ring of evasion]

   It affects your evasion (+5).
   It affects your intelligence (+4).
   It protects you from negative energy.
   It lets you turn invisible.
Wands
 u - a wand of disintegration (7)
 v - a wand of iceblast (7)
 w - a wand of acid (7)
Scrolls
 h - 4 scrolls of blinking
 o - 4 scrolls of amnesia
 p - 7 scrolls of fog
 q - a scroll of holy word
 r - 5 scrolls of identify
 s - 5 scrolls of remove curse
 t - a scroll of fear
 z - 4 scrolls of enchant weapon
Potions
 c - 9 potions of curing
 d - 11 potions of heal wounds
 e - 6 potions of haste
 f - 7 potions of magic
 g - 3 potions of berserk rage
 i - 2 potions of brilliance
 j - 2 potions of invisibility
 k - 4 potions of resistance
 m - 5 potions of agility
 n - 5 potions of might
Comestibles
 b - 9 rations


   Skills:
 + Level 12.1 Fighting
 + Level 11.9 Armour
 + Level 12.1 Dodging
 - Level 1.0 Stealth
 + Level 6.1 Shields
 * Level 15.6 Unarmed Combat


You had 10 spell levels left.
You didn't know any spells.
Your spell library was empty.

Dungeon Overview and Level Annotations

Branches:
Dungeon (1/1)

Altars:
Ashenzari
Cheibriados
Dithmenos
Elyvilon
Fedhas
Gozag
Hepliaklqana
Kikubaaqudgha
Makhleb
Nemelex Xobeh
Okawaru
Qazlal
Ru
Sif Muna
Trog
Uskayaw
Vehumet
Wu Jian
Xom
Yredelemnul
Zin
The Shining One
Beogh
Jiyva
Lugonu


Innate Abilities, Weirdness & Mutations

You are too large for most types of armour.
You have claws for hands.
Your metabolism is lightning-fast.
You like to eat raw meat.
Your natural rate of healing is unusually fast.
You are covered in fur. (AC +1)
You have very tough skin. (AC +2)
You are partially covered in iridescent scales. (AC +2)
You are partially covered in large bone plates. (SH +4)
You are agile. (Dex +2)
Your flesh is cold resistant. (rC+)
You have a considerably increased reservoir of magic. (+20% MP)
Your system is resistant to poisons. (rPois)
Your muscles are strong. (Str +2)
You have acidic saliva.
Your pliable body absorbs attacks. (AC +2, EV +2)
Armour fits poorly on your massive pseudopods.
You are covered in slimy tendrils that may disarm your opponents.
You have a small jelly attached to you that may absorb incoming projectiles.


Message History

The acid corrodes the spriggan berserker!
Your bludgeon misses the spriggan berserker.
The spriggan berserker is heavily wounded.
The spriggan berserker hits you but does no damage.
You hear a bellow!
You hear a distant slurping noise.
You feel a little less hungry.
You feel your power returning.
You feel better.
The spriggan air mage waves its arms in wide circles.
The air twists around and strikes you!
* * * LOW HITPOINT WARNING * * *
As you read the scroll of fear, it crumbles to dust.
You assume a fearsome visage.
The satyr looks frightened!
The dryad looks frightened!
The spriggan berserker resists with almost no effort.
The spriggan air mage easily resists.
The wolf spider looks frightened!
The spriggan berserker resists with almost no effort.
The spriggan rider looks frightened!
The hornet looks frightened!
The spriggan air mage resists with almost no effort.
You are no longer terrified.
The spriggan berserker hits you with an antimagic hand axe!
You die...

▓...=[[|....▓...8©8...▓..8
▓...........▓...J|.=..▓..)
▓...........▓..":.....▓...
▓.......... ▓.........▓...
......Y.s ▓.........▓...
▓...c. .▓.........▓...
▓▓.ii▓▓▓.▓.........▓...
▓..▓..iii▓s.▓.▓.....▓)▓...
▓.....yhR@..▓....©..))▓...
▓▓▓▓▓▓▓▓▓▓▓▓▓▓▓▓▓▓▓▓▓▓▓▓▓▓
▓...8©8...▓...8©8...▓...8©
▓..}|[}[=.▓..J.)}...▓..:=[
▓..=}..:..▓..=.).)..▓...=[
▓.........▓.........▓.....
▓.........▓.........▓.....
▓.........▓.........▓.....
▓.........▓.........▓.....


You could see a satyr (fleeing), a spriggan rider (fleeing), a wolf spider
(fleeing), 2 spriggan berserkers, a dryad (fleeing), 2 spriggan air magi, a
polar bear (berserk) and a hornet (fleeing).

Vanquished Creatures
  A deep elf sorcerer (D)
  A spriggan air mage (D)
  2 two-headed ogres (D)
  4 dancing weapons (D)
  2 soul eaters (D)
  5 spriggans (D)
  A deep elf archer (D)
  6 deep elf magi (D)
  A toenail golem (D)
  A wind drake (D)
  5 hornets (D)
  4 trolls (D)
  4 air elementals (D)
  A yak (D)
  3 black bears (D)
  2 ogres (D)
  3 wolves (D)
  2 earth elementals (D)
  A crimson imp (D)
  An iron imp (D)
  An orc priest (D)
  An orc wizard (D)
  A mummy (D)
  A river rat (D)
  2 white imps (D)
  A spectral adder (D)
  An adder skeleton (D)
  An orc (D)
  2 spectral bats (D)
  2 bat zombies (D)
  A ball python zombie (D)
  A leopard gecko skeleton (D)
  A spectral ball python (D)
  A spectral giant cockroach (D)
  A spectral leopard gecko (D)
68 creatures vanquished.

Vanquished Creatures (collateral kills)
  A toenail golem (D)
  A gargoyle (D)
  2 earth elementals (D)
4 creatures vanquished.

Vanquished Creatures (others)
  An acid blob (D)
  A deep elf knight (D)
  A deep elf mage (D)
  An air elemental (D)
  5 insubstantial wisps (D)
  6 jellies (D)
15 creatures vanquished.

Grand Total: 87 creatures vanquished

Notes
Turn   | Place    | Note
-------+----------+-------------------------------------------
     0 | D        | Found the +6 Majin-Bo {vamp, Archmagi MP+6 Int+6}
     0 | D        | Found the +7 great mace "Firestarter" {inner flame, rF++}
     0 | D        | Freyura the Troll Monk began the quest for the Orb.
     0 | D        | Reached XP level 1. HP: 22/22 MP: 0/0
     0 | D        | Found a deep blue altar of Sif Muna.
     0 | D        | Found a bloodstained altar of Trog.
     0 | D        | Found a sacrificial altar of Ru.
     0 | D        | Found a stormy altar of Qazlal.
     0 | D        | Found an iron altar of Okawaru.
     1 | D        | Found a sparkling altar of Nemelex Xobeh.
     1 | D        | Found a blossoming altar of Fedhas.
     3 | D        | Found a transporter.
     3 | D        | Found an ancient bone altar of Kikubaaqudgha.
     3 | D        | Found a viscous altar of Jiyva.
     3 | D        | Found a corrupted altar of Lugonu.
     3 | D        | Found a hazy altar of Hepliaklqana.
     3 | D        | Found a burning altar of Makhleb.
     3 | D        | Found an opulent altar of Gozag.
    39 | D        | Reached skill level 4 in Unarmed Combat
    39 | D        | Reached XP level 2. HP: 32/32 MP: 1/1
    44 | D        | Became a worshipper of Jiyva Jeohaol the Shapeless
    44 | D        | Reached * piety under Jiyva
    44 | D        | Reached ** piety under Jiyva
    48 | D        | Entered arena 2.
    48 | D        | Reached *** piety under Jiyva
    48 | D        | Gained mutation: Armour fits poorly on your pseudopods.
                  | [Jiyva's grace]
    48 | D        | Reached **** piety under Jiyva
    48 | D        | Gained mutation: Your rubbery body absorbs attacks. (AC +1,
                  | EV +1) [Jiyva's grace]
    48 | D        | Reached ***** piety under Jiyva
    48 | D        | Found a transporter.
    49 | D        | Lost mutation: Armour fits poorly on your pseudopods.
                  | [Jiyva's grace]
    49 | D        | Lost mutation: Your rubbery body absorbs attacks. (AC +1,
                  | EV +1) [Jiyva's grace]
    49 | D        | Reached ****** piety under Jiyva
    49 | D        | Gained mutation: You are covered in thick fur. (AC +2)
                  | [Jiyva's grace]
    49 | D        | Lost mutation: You are covered in thick fur. (AC +2)
                  | [Jiyva's grace]
    52 | D        | Gained mutation: Your translucent skin slightly reduces
                  | your foes' accuracy. (Stealth) [Jiyva's grace]
    52 | D        | Gained mutation: You are agile. (Dex +2) [Jiyva's grace]
    52 | D        | Gained mutation: You have acidic saliva. [Jiyva's grace]
    52 | D        | Gained mutation: You occasionally shout uncontrollably at
                  | your foes. [Jiyva's grace]
    56 | D        | Gained mutation: You are weak. (Str -2) [Jiyva's grace]
    58 | D        | Lost mutation: You are agile. (Dex +2) [Jiyva's grace]
    59 | D        | Lost mutation: You are weak. (Str -2) [Jiyva's grace]
    59 | D        | Gained mutation: You are robust. (+10% HP) [Jiyva's grace]
    59 | D        | Gained mutation: You have very sharp teeth. [Jiyva's grace]
    60 | D        | Got the +10 large shield of the Beggar {rPois}
    60 | D        | Gained mutation: You have a pair of small antennae on your
                  | head. [Jiyva's grace]
    60 | D        | Gained mutation: Your body has grown golden eyes which may
                  | confuse attackers. (Acc +3) [Jiyva's grace]
    63 | D        | Lost mutation: You are robust. (+10% HP) [Jiyva's grace]
    64 | D        | Entered arena 3.
    64 | D        | Noticed a wolf
    64 | D        | Noticed a wolf
    64 | D        | Found a transporter.
    70 | D        | Killed a wolf
    70 | D        | Reached skill level 5 in Dodging
    70 | D        | Reached skill level 6 in Unarmed Combat
    70 | D        | Reached XP level 3. HP: 39/41 MP: 2/2
    70 | D        | Reached XP level 4. HP: 46/49 MP: 3/3
    70 | D        | Lost mutation: You have a pair of small antennae on your
                  | head. [Jiyva's grace]
    72 | D        | Killed a wolf
    72 | D        | Reached skill level 5 in Fighting
    72 | D        | Reached XP level 5. HP: 54/57 MP: 4/4
    74 | D        | Gained mutation: You have a small jelly attached to you
                  | that senses nearby items. [Jiyva's grace]
    80 | D        | Entered arena 4.
    80 | D        | Noticed an insubstantial wisp
    80 | D        | Noticed an insubstantial wisp
    80 | D        | Noticed an air elemental
    80 | D        | Noticed an air elemental
    80 | D        | Gained mutation: You are partially covered in slimy green
                  | scales. (AC +2) [Jiyva's grace]
    80 | D        | Lost mutation: You have a small jelly attached to you that
                  | senses nearby items. [Jiyva's grace]
    80 | D        | Gained mutation: You have a small jelly attached to you
                  | that senses nearby items. [Jiyva's grace]
    80 | D        | Found a transporter.
    82 | D        | Killed an insubstantial wisp
    82 | D        | Killed an insubstantial wisp
    86 | D        | Killed an air elemental
    86 | D        | Reached skill level 5 in Armour
    86 | D        | Reached skill level 7 in Unarmed Combat
    86 | D        | Reached XP level 6. HP: 31/68 MP: 5/5
    86 | D        | Gained mutation: Your mind is acute. (Int +2) [Jiyva's
                  | grace]
    86 | D        | Gained mutation: You are frail. (-10% HP) [Jiyva's grace]
    86 | D        | Gained mutation: You have an increased reservoir of magic.
                  | (+10% MP) [Jiyva's grace]
    86 | D        | Lost mutation: You are partially covered in slimy green
                  | scales. (AC +2) [Jiyva's grace]
    86 | D        | Gained mutation: You possess an exceptional clarity of
                  | mind. [Jiyva's grace]
    86 | D        | Lost mutation: Your translucent skin slightly reduces your
                  | foes' accuracy. (Stealth) [Jiyva's grace]
    86 | D        | Lost mutation: You are frail. (-10% HP) [Jiyva's grace]
    86 | D        | Gained mutation: You have sharp toenails. [Jiyva's grace]
    86 | D        | Lost mutation: You possess an exceptional clarity of mind.
                  | [Jiyva's grace]
    87 | D        | Lost mutation: You occasionally shout uncontrollably at
                  | your foes. [Jiyva's grace]
    91 | D        | Killed an air elemental
    91 | D        | Reached skill level 8 in Unarmed Combat
    91 | D        | Gained mutation: You possess an exceptional clarity of
                  | mind. [Jiyva's grace]
    96 | D        | Lost mutation: You possess an exceptional clarity of mind.
                  | [Jiyva's grace]
    98 | D        | Entered arena 5.
    98 | D        | Found a transporter.
   102 | D        | Reached XP level 7. HP: 62/76 MP: 6/6
   102 | D        | Lost mutation: You have a small jelly attached to you that
                  | senses nearby items. [Jiyva's grace]
   106 | D        | Lost mutation: You have sharp toenails. [Jiyva's grace]
   109 | D        | Lost mutation: Your mind is acute. (Int +2) [Jiyva's grace]
   110 | D        | Gained mutation: Your rubbery body absorbs attacks. (AC +1,
                  | EV +1) [Jiyva's grace]
   110 | D        | Gained mutation: You have a small jelly attached to you
                  | that senses nearby items. [Jiyva's grace]
   113 | D        | Gained mutation: Your body has grown many golden eyes which
                  | may confuse attackers. (Acc +5) [Jiyva's grace]
   113 | D        | Gained mutation: You have sharp toenails. [Jiyva's grace]
   115 | D        | Entered arena 6.
   115 | D        | Found a transporter.
   118 | D        | Lost mutation: Your body has grown many golden eyes which
                  | may confuse attackers. (Acc +5) [Jiyva's grace]
   120 | D        | Gained mutation: You passively map a small area around you.
                  | [Jiyva's grace]
   125 | D        | Lost mutation: You have sharp toenails. [Jiyva's grace]
   128 | D        | Gained mutation: Your translucent skin slightly reduces
                  | your foes' accuracy. (Stealth) [Jiyva's grace]
   133 | D        | Lost mutation: You have very sharp teeth. [Jiyva's grace]
   137 | D        | Entered arena 7.
   137 | D        | Noticed an air elemental
   137 | D        | Noticed a wind drake
   137 | D        | Noticed an air elemental
   138 | D        | Found a transporter.
   138 | D        | Lost mutation: You have an increased reservoir of magic.
                  | (+10% MP) [Jiyva's grace]
   142 | D        | Gained mutation: You are somewhat resistant to further
                  | mutation. [Jiyva's grace]
   144 | D        | Killed an air elemental
   144 | D        | Reached skill level 9 in Unarmed Combat
   149 | D        | Killed a wind drake
   153 | D        | Killed an air elemental
   153 | D        | Reached XP level 8. HP: 66/88 MP: 7/7
   153 | D        | Gained mutation: You have supernaturally acute eyesight.
                  | (SInv) [Jiyva's grace]
   159 | D        | Lost mutation: Your rubbery body absorbs attacks. (AC +1,
                  | EV +1) [Jiyva's grace]
   165 | D        | Gained mutation: Your rubbery body absorbs attacks. (AC +1,
                  | EV +1) [Jiyva's grace]
   166 | D        | Gained mutation: Your flesh is heat resistant. (rF+)
                  | [Jiyva's grace]
   169 | D        | Gained mutation: You can translocate small distances at
                  | will. [Jiyva's grace]
   171 | D        | Gained mutation: You expend magic power (3 MP) to
                  | strengthen your wands. [Jiyva's grace]
   172 | D        | Lost mutation: You can translocate small distances at will.
                  | [Jiyva's grace]
   173 | D        | Entered arena 8.
   173 | D        | Noticed a toenail golem
   173 | D        | Noticed a gargoyle
   173 | D        | Noticed a toenail golem
   173 | D        | Lost mutation: You have supernaturally acute eyesight.
                  | (SInv) [Jiyva's grace]
   174 | D        | Found the ring of the Octopus King {AC+1 EV+1 Str+1 Int+1
                  | Dex+1 Stlth+}
   174 | D        | Found a transporter.
   175 | D        | Gained mutation: Your flesh is very heat resistant. (rF++)
                  | [Jiyva's grace]
   177 | D        | Lost mutation: Your flesh is very heat resistant. (rF++)
                  | [Jiyva's grace]
   178 | D        | Lost mutation: Your translucent skin slightly reduces your
                  | foes' accuracy. (Stealth) [Jiyva's grace]
   178 | D        | Lost mutation: You expend magic power (3 MP) to strengthen
                  | your wands. [Jiyva's grace]
   182 | D        | Killed a toenail golem
   182 | D        | Reached skill level 10 in Unarmed Combat
   182 | D        | Lost mutation: You are somewhat resistant to further
                  | mutation. [Jiyva's grace]
   183 | D        | Killed a gargoyle
   188 | D        | Lost mutation: Your body has grown golden eyes which may
                  | confuse attackers. (Acc +3) [Jiyva's grace]
   193 | D        | Gained mutation: Armour fits poorly on your pseudopods.
                  | [Jiyva's grace]
   194 | D        | Killed a toenail golem
   200 | D        | Gained mutation: You are clumsy. (Dex -2) [Jiyva's grace]
   201 | D        | Got a ring of the Octopus King {AC+1 EV+1 Str+1 Int+1 Dex+1
                  | Stlth+}
   205 | D        | Gained mutation: You have a small jelly attached to you
                  | that may absorb incoming projectiles. [Jiyva's grace]
   207 | D        | Got the amulet of Kuppyjocs {Acrobat MR+ Int-5 Stlth+}
   210 | D        | Entered arena 9.
   210 | D        | Noticed a deep elf mage
   210 | D        | Noticed a deep elf mage
   210 | D        | Noticed a deep elf archer
   210 | D        | Noticed a deep elf mage
   210 | D        | Noticed a morningstar of holy wrath
   210 | D        | Noticed a deep elf mage
   210 | D        | Lost mutation: You passively map a small area around you.
                  | [Jiyva's grace]
   212 | D        | Found a transporter.
   218 | D        | Gained mutation: Your muscles are strong. (Str +2) [Jiyva's
                  | grace]
   222 | D        | Killed a deep elf mage
   222 | D        | Reached skill level 11 in Unarmed Combat
   222 | D        | Reached XP level 9. HP: 57/100 MP: 8/8
   222 | D        | Gained mutation: Your body has grown golden eyes which may
                  | confuse attackers. (Acc +3) [Jiyva's grace]
   224 | D        | Gained mutation: You are surrounded by a mild repulsion
                  | field. (EV +2) [Jiyva's grace]
   226 | D        | Killed a deep elf mage
   226 | D        | Lost mutation: Your body has grown golden eyes which may
                  | confuse attackers. (Acc +3) [Jiyva's grace]
   228 | D        | Lost mutation: Your muscles are strong. (Str +2) [Jiyva's
                  | grace]
   231 | D        | Killed a deep elf mage
   232 | D        | Gained mutation: Your pliable body absorbs attacks. (AC +2,
                  | EV +2) [Jiyva's grace]
   233 | D        | Lost mutation: You are surrounded by a mild repulsion
                  | field. (EV +2) [Jiyva's grace]
   238 | D        | Lost mutation: You have acidic saliva. [Jiyva's grace]
   245 | D        | Killed a deep elf mage
   245 | D        | Reached skill level 10 in Fighting
   245 | D        | Reached skill level 10 in Dodging
   246 | D        | Gained mutation: Your muscles are strong. (Str +2) [Jiyva's
                  | grace]
   247 | D        | Lost mutation: You have a small jelly attached to you that
                  | senses nearby items. [Jiyva's grace]
   252 | D        | Gained mutation: Your translucent skin slightly reduces
                  | your foes' accuracy. (Stealth) [Jiyva's grace]
   252 | D        | Gained mutation: You are dopey. (Int -2) [Jiyva's grace]
   255 | D        | Lost mutation: Your pliable body absorbs attacks. (AC +2,
                  | EV +2) [Jiyva's grace]
   255 | D        | Gained mutation: Armour fits poorly on your large
                  | pseudopods. [Jiyva's grace]
   255 | D        | Lost mutation: You have a small jelly attached to you that
                  | may absorb incoming projectiles. [Jiyva's grace]
   256 | D        | Lost mutation: You are dopey. (Int -2) [Jiyva's grace]
   261 | D        | Killed a morningstar of holy wrath
   261 | D        | Reached skill level 10 in Armour
   261 | D        | Reached skill level 12 in Unarmed Combat
   261 | D        | Reached XP level 10. HP: 105/111 MP: 9/9
   263 | D        | Killed a deep elf archer
   263 | D        | Gained mutation: You are covered in slimy tendrils that may
                  | disarm your opponents. [Jiyva's grace]
   265 | D        | Gained mutation: You are frail. (-10% HP) [Jiyva's grace]
   265 | D        | Lost mutation: You are frail. (-10% HP) [Jiyva's grace]
   266 | D        | Gained mutation: Your mind is acute. (Int +2) [Jiyva's
                  | grace]
   268 | D        | Entered arena 10.
   268 | D        | Noticed a two-headed ogre
   268 | D        | Noticed a two-headed ogre
   268 | D        | Lost mutation: Your mind is acute. (Int +2) [Jiyva's grace]
   270 | D        | Gained mutation: You have a somewhat thin skeletal
                  | structure. (Dex +2, Stealth) [Jiyva's grace]
   272 | D        | Gained mutation: You are robust. (+10% HP) [Jiyva's grace]
   277 | D        | Gained mutation: Your mind is acute. (Int +2) [Jiyva's
                  | grace]
   277 | D        | Gained mutation: You are somewhat resistant to further
                  | mutation. [Jiyva's grace]
   279 | D        | Lost mutation: Your rubbery body absorbs attacks. (AC +1,
                  | EV +1) [Jiyva's grace]
   279 | D        | Gained mutation: Your muscles are very strong. (Str +4)
                  | [Jiyva's grace]
   279 | D        | Gained mutation: You are partially covered in icy blue
                  | scales. (AC +2) [Jiyva's grace]
   279 | D        | Gained mutation: Your spells are a little harder to cast,
                  | but a little more powerful. [Jiyva's grace]
   280 | D        | Gained mutation: You have a small jelly attached to you
                  | that may absorb incoming projectiles. [Jiyva's grace]
   281 | D        | Reached skill level 1 in Shields
   281 | D        | Gained mutation: Your rubbery body absorbs attacks. (AC +1,
                  | EV +1) [Jiyva's grace]
   281 | D        | Gained mutation: You have acidic saliva. [Jiyva's grace]
   281 | D        | Gained mutation: Your spells are harder to cast, but more
                  | powerful. [Jiyva's grace]
   281 | D        | Gained mutation: You have an increased reservoir of magic.
                  | (+10% MP) [Jiyva's grace]
   282 | D        | Lost mutation: You have a small jelly attached to you that
                  | may absorb incoming projectiles. [Jiyva's grace]
   291 | D        | Killed a two-headed ogre
   291 | D        | Reached skill level 13 in Unarmed Combat
   303 | D        | Killed a two-headed ogre
   307 | D        | Found a transporter.
   307 | D        | Gained mutation: Your translucent skin reduces your foes'
                  | accuracy. (Stealth) [Jiyva's grace]
   319 | D        | Got the ring of Hipesch {rN+ MR+}
   323 | D        | Lost mutation: Your translucent skin reduces your foes'
                  | accuracy. (Stealth) [Jiyva's grace]
   326 | D        | Got the amulet of Linearity {Spirit Int+3}
   337 | D        | Lost mutation: Your mind is acute. (Int +2) [Jiyva's grace]
   339 | D        | Gained mutation: Your pliable body absorbs attacks. (AC +2,
                  | EV +2) [Jiyva's grace]
   341 | D        | Entered arena 11.
   341 | D        | Noticed a spriggan rider
   341 | D        | Noticed a spriggan rider
   341 | D        | Noticed a spriggan rider
   341 | D        | Noticed a spriggan rider
   341 | D        | Noticed a spriggan rider
   341 | D        | Gained mutation: Your gelatinous body deflects attacks. (AC
                  | +3, EV +3) [Jiyva's grace]
   342 | D        | Lost mutation: Your spells are harder to cast, but more
                  | powerful. [Jiyva's grace]
   342 | D        | Gained mutation: Your flesh is cold resistant. (rC+)
                  | [Jiyva's grace]
   343 | D        | Gained mutation: You have large cloven feet. [Jiyva's
                  | grace]
   343 | D        | Lost mutation: You have large cloven feet. [Jiyva's grace]
   345 | D        | Gained mutation: Your movements are slightly less
                  | encumbered by armour. (ER -2) [Jiyva's grace]
   346 | D        | Lost mutation: Your translucent skin slightly reduces your
                  | foes' accuracy. (Stealth) [Jiyva's grace]
   349 | D        | Lost mutation: You are robust. (+10% HP) [Jiyva's grace]
   351 | D        | Lost mutation: You are somewhat resistant to further
                  | mutation. [Jiyva's grace]
   351 | D        | Gained mutation: You evolve. [Jiyva's grace]
   351 | D        | Lost mutation: Your flesh is heat resistant. (rF+) [Jiyva's
                  | grace]
   355 | D        | Identified the +7 broad axe of War {chop, rPois rC+}
   356 | D        | Gained mutation: You have a considerably increased
                  | reservoir of magic. (+20% MP) [Jiyva's grace]
   357 | D        | Gained mutation: You heal very quickly. [Jiyva's grace]
   359 | D        | Killed a spriggan rider
   359 | D        | Reached XP level 11. HP: 89/120 MP: 12/12
   359 | D        | Lost mutation: You have acidic saliva. [Jiyva's grace]
   359 | D        | Gained mutation: Your system is resistant to poisons.
                  | (rPois) [Jiyva's grace]
   363 | D        | Found a transporter.
   363 | D        | Gained mutation: You are robust. (+10% HP) [Jiyva's grace]
   370 | D        | Reached skill level 14 in Unarmed Combat
   373 | D        | Lost mutation: You evolve. [Jiyva's grace]
   388 | D        | Lost mutation: Your spells are a little harder to cast, but
                  | a little more powerful. [Jiyva's grace]
   389 | D        | Gained mutation: You have large cloven feet. [Jiyva's
                  | grace]
   407 | D        | Lost mutation: Armour fits poorly on your large pseudopods.
                  | [Jiyva's grace]
   417 | D        | Lost mutation: Your muscles are very strong. (Str +4)
                  | [Jiyva's grace]
   419 | D        | Gained mutation: You have a small jelly attached to you
                  | that may absorb incoming projectiles. [Jiyva's grace]
   420 | D        | Entered arena 12.
   420 | D        | Noticed a deep elf annihilator
   420 | D        | Noticed a deep elf knight
   420 | D        | Noticed a halberd of protection
   420 | D        | Noticed a deep elf mage
   420 | D        | Noticed a deep elf mage
   420 | D        | Noticed a glaive of venom
   420 | D        | Noticed a deep elf sorcerer
   420 | D        | Noticed a short sword of draining
   422 | D        | Noticed a deep elf mage
   422 | D        | Lost mutation: Your flesh is cold resistant. (rC+) [Jiyva's
                  | grace]
   424 | D        | Slimified a deep elf annihilator
   424 | D        | Noticed an azure jelly
   424 | D        | a deep elf annihilator changed into an azure jelly
   424 | D        | Lost mutation: You are robust. (+10% HP) [Jiyva's grace]
   427 | D        | Killed a short sword of draining
   428 | D        | Gained mutation: You expend magic power (3 MP) to
                  | strengthen your wands. [Jiyva's grace]
   429 | D        | Killed a deep elf knight
   430 | D        | Killed a deep elf mage
   432 | D        | Killed a glaive of venom
   432 | D        | Lost mutation: Your gelatinous body deflects attacks. (AC
                  | +3, EV +3) [Jiyva's grace]
   433 | D        | Killed a deep elf mage
   433 | D        | Gained mutation: Armour fits poorly on your large
                  | pseudopods. [Jiyva's grace]
   433 | D        | Lost mutation: You are clumsy. (Dex -2) [Jiyva's grace]
   434 | D        | Gained mutation: You have acidic saliva. [Jiyva's grace]
   435 | D        | Lost mutation: Your muscles are strong. (Str +2) [Jiyva's
                  | grace]
   436 | D        | Killed a halberd of protection
   436 | D        | Reached skill level 5 in Shields
   438 | D        | Lost mutation: You heal very quickly. [Jiyva's grace]
   440 | D        | Killed a deep elf mage
   440 | D        | Lost mutation: Your movements are slightly less encumbered
                  | by armour. (ER -2) [Jiyva's grace]
   440 | D        | Lost mutation: Armour fits poorly on your large pseudopods.
                  | [Jiyva's grace]
   440 | D        | Gained mutation: You are surrounded by a mild repulsion
                  | field. (EV +2) [Jiyva's grace]
   442 | D        | Lost mutation: You have acidic saliva. [Jiyva's grace]
   442 | D        | Gained mutation: Armour fits poorly on your large
                  | pseudopods. [Jiyva's grace]
   443 | D        | Gained mutation: You have a small jelly attached to you
                  | that senses nearby items. [Jiyva's grace]
   444 | D        | Lost mutation: You have a somewhat thin skeletal structure.
                  | (Dex +2, Stealth) [Jiyva's grace]
   444 | D        | Lost mutation: You expend magic power (3 MP) to strengthen
                  | your wands. [Jiyva's grace]
   444 | D        | Lost mutation: You have large cloven feet. [Jiyva's grace]
   444 | D        | Gained mutation: You are partially covered in large bone
                  | plates. (SH +4) [Jiyva's grace]
   445 | D        | Killed a deep elf sorcerer
   445 | D        | Reached skill level 15 in Unarmed Combat
   447 | D        | Found a transporter.
   448 | D        | Gained mutation: You are somewhat resistant to further
                  | mutation. [Jiyva's grace]
   448 | D        | Lost mutation: You are somewhat resistant to further
                  | mutation. [Jiyva's grace]
   449 | D        | Gained mutation: You have acidic saliva. [Jiyva's grace]
   451 | D        | Gained mutation: You are somewhat resistant to further
                  | mutation. [Jiyva's grace]
   455 | D        | Lost mutation: You have a small jelly attached to you that
                  | senses nearby items. [Jiyva's grace]
   455 | D        | Gained mutation: Your flesh is cold resistant. (rC+)
                  | [Jiyva's grace]
   456 | D        | Entered arena 13.
   456 | D        | Lost mutation: You are covered in slimy tendrils that may
                  | disarm your opponents. [Jiyva's grace]
   457 | D        | Noticed a soul eater
   457 | D        | Noticed a soul eater
   458 | D        | Lost mutation: You have a considerably increased reservoir
                  | of magic. (+20% MP) [Jiyva's grace]
   459 | D        | Gained mutation: Your flesh is heat resistant. (rF+)
                  | [Jiyva's grace]
   459 | D        | Lost mutation: You are surrounded by a mild repulsion
                  | field. (EV +2) [Jiyva's grace]
   461 | D        | Gained mutation: You are partially covered in iridescent
                  | scales. (AC +2) [Jiyva's grace]
   461 | D        | Gained mutation: Armour fits poorly on your massive
                  | pseudopods. [Jiyva's grace]
   465 | D        | Lost mutation: You are somewhat resistant to further
                  | mutation. [Jiyva's grace]
   467 | D        | Lost mutation: Your flesh is heat resistant. (rF+) [Jiyva's
                  | grace]
   469 | D        | Lost mutation: Your system is resistant to poisons. (rPois)
                  | [Jiyva's grace]
   471 | D        | Gained mutation: You are covered in slimy tendrils that may
                  | disarm your opponents. [Jiyva's grace]
   475 | D        | Killed a soul eater
   487 | D        | Killed a soul eater
   487 | D        | Gained mutation: You have a considerably increased
                  | reservoir of magic. (+20% MP) [Jiyva's grace]
   487 | D        | Gained mutation: You have a pair of small horns on your
                  | head. [Jiyva's grace]
   487 | D        | Lost mutation: You are partially covered in icy blue
                  | scales. (AC +2) [Jiyva's grace]
   487 | D        | Lost mutation: You have a pair of small horns on your head.
                  | [Jiyva's grace]
   488 | D        | Found a transporter.
   496 | D        | Got the ring of Lucvozug {+Inv rN+ EV+5 Int+4}
   501 | D        | Gained mutation: You are partially covered in molten
                  | scales. (AC +2) [Jiyva's grace]
   504 | D        | Entered arena 14.
   505 | D        | Noticed a spriggan rider
   505 | D        | Noticed a spriggan air mage
   505 | D        | Noticed a spriggan air mage
   505 | D        | Noticed a satyr
   505 | D        | Noticed a wolf spider
   505 | D        | Noticed a spriggan air mage
   505 | D        | Noticed a spriggan berserker
   506 | D        | Noticed a spriggan air mage
   507 | D        | Noticed a spriggan berserker
   511 | D        | Lost mutation: You are partially covered in molten scales.
                  | (AC +2) [Jiyva's grace]
   512 | D        | Slimified a spriggan air mage
   512 | D        | Noticed an acid blob
   512 | D        | a spriggan air mage changed into an acid blob
   513 | D        | Noticed a death yak
   514 | D        | Gained mutation: You are agile. (Dex +2) [Jiyva's grace]
   515 | D        | Killed an acid blob
   520 | D        | Gained mutation: Your system is resistant to poisons.
                  | (rPois) [Jiyva's grace]
   529 | D        | Killed a spriggan air mage
   534 | D        | Gained mutation: Your muscles are strong. (Str +2) [Jiyva's
                  | grace]
   538 | D        | HP: 4/123 [spriggan air mage/the air (12)]
   539 | D        | Mangled by a spriggan berserker

Skill      XL: |  1  2  3  4  5  6  7  8  9 10 11 |
---------------+----------------------------------+-----
Fighting       | 3 4 5 6 7 9 10 11 12 | 12.1
Armour         | 2 4 5 6 7 9 10 11 | 11.9
Dodging        | 3 5 6 7 8 9 10 11 12 | 12.1
Unarmed Combat | 4 6 7 8 9 11 12 13 15 | 15.6
Shields        | 3 6 |  6.1
Stealth        | |  1.0

Action                   |  1- 3 |  4- 6 |  7- 9 | 10-12 || total
-------------------------+-------+-------+-------+-------++-------
Melee: Unarmed           |    13 |    15 |    91 |   151 ||   270
       Bite              |     3 |       |    13 |    12 ||    28
       Punch             |     1 |       |     6 |     9 ||    16
       Pseudopods        |     1 |       |     9 |    37 ||    47
       Kick              |       |     1 |     2 |     8 ||    11
Invok: Slimify           |       |     1 |     1 |     2 ||     4
       Request Jelly     |       |       |     2 |     4 ||     6
  Use: Potion            |     1 |       |     1 |     2 ||     4
       Scroll            |       |       |     4 |     1 ||     5
Armor: Gold dragon scale |    20 |    20 |    99 |   182 ||   321
Dodge: Dodged            |     1 |     7 |    30 |   117 ||   155
Block: Other             |       |       |    26 |    71 ||    97
       Reflection        |       |       |     4 |       ||     4
